[Event "Titled Tuesday Blitz May 2 Late 2023"]
[White "Elissalt Cardenas, Hector"]
[Black "Pein, Jonathan"]
[WhiteFideId "3500632"]
[BlackFideId "417092"]
[WhiteElo "2202"]
[BlackElo "2151"]
[Result "0-1"]
[Round "05"]
[TimeControl "180+2"]
[Date "2023.05.02"]
[WhiteClock "0:00:02"]
[BlackClock "0:01:25"]

1. d4 d6 2. c4 Nf6 3. Nc3 g6 4. e4 Bg7 5. h3 O-O 6. Be3 b6 7. Nf3 Bb7 8. Bd3 Nc6 9. O-O Na5 10. d5 c5 11. Qd2 Ba6 12. b3 e6 13. Bh6 exd5 14. exd5 b5 15. cxb5 Bc8 16. Bxg7 Kxg7 17. Rfe1 Bd7 18. Bc4 Nb7 19. a4 Nh5 20. Ne4 h6 21. g4 Nf6 22. Qc3 Re8 23. Nxf6 Qxf6 24. Qxf6+ Kxf6 25. Rxe8 Rxe8 26. Re1 Rd8 27. Kf1 h5 28. g5+ Kg7 29. h4 Bh3+ 30. Kg1 Kf8 31. Kh2 Bf5 32. Nd2 Na5 33. Kg3 Rd7 34. Kf4 Bc2 35. Re3 Rb7 36. Ne4 Bxe4 37. Rxe4 Rd7 38. Ke3 Nb7 39. f4 Nd8 40. Kd2 f6 41. Kc3 Rf7 42. Kd2 fxg5 43. hxg5 h4 44. Ke3 h3 45. Kf3 h2 46. Kg2 Rh7 47. Re1 Rh4 48. Rh1 Rxf4 49. Rxh2 Rg4+ 50. Kf3 Rxg5 51. Rh8+ Ke7 52. Rh7+ Nf7 53. a5 Kf6 54. b6 axb6 55. axb6 Rf5+ 56. Kg3 Rg5+ 57. Kh3 Re5 0-1


[Site "https://www.chess.com"]

[Event "Titled Tuesday Blitz May 2 Late 2023"]
[White "De Souza, Cristiano Gomes"]
[Black "Kovalevsky, Stanislav"]
[WhiteFideId "2151758"]
[BlackFideId "13508598"]
[WhiteElo "2068"]
[BlackElo "2174"]
[Result "0-1"]
[Round "05"]
[TimeControl "180+2"]
[Date "2023.05.02"]
[WhiteClock "0:00:19"]
[BlackClock "0:00:10"]

1. d4 d5 2. c4 c6 3. Nf3 Nf6 4. Nc3 a6 5. c5 b6 6. cxb6 Qxb6 7. Qb3 Qxb3 8. axb3 e6 9. Ne5 c5 10. e3 cxd4 11. exd4 Bd6 12. Na4 Nbd7 13. Nxd7 Nxd7 14. Bd2 Bb7 15. b4 Ke7 16. Nc5 Bc6 17. Bd3 Bb5 18. Ke2 Rhb8 19. Ra3 Bxc5 20. dxc5 Ne5 21. Bxb5 axb5 22. Rha1 Rxa3 23. Rxa3 Rb7 24. Bc3 Nc6 25. Ra8 d4 26. Bd2 e5 27. f3 h5 28. Kd3 Ke6 29. Rc8 Kd5 30. b3 f5 31. Re8 e4+ 32. fxe4+ fxe4+ 33. Ke2 e3 34. Be1 Ra7 35. Rg8 Ra2+ 36. Kf3 Ne5+ 37. Kg3 Re2 38. Rxg7 Rxe1 39. Rg5 d3 40. Kf4 Rf1+ 41. Kxe3 Re1+ 42. Kf4 d2 43. Rg8 Nd3+ 44. Kg5 d1=Q 45. Rd8+ Ke4 46. Re8+ Ne5 47. Kf6 Rf1+ 48. Ke6 Qd7# 0-1


[Site "https://www.chess.com"]

[Event "Titled Tuesday Blitz May 2 Late 2023"]
[White "Seletsky, Grigory"]
[Black "Ng, Gary"]
[WhiteFideId "14112191"]
[BlackFideId "2604914"]
[WhiteElo "2490"]
[BlackElo "2213"]
[Result "1-0"]
[Round "05"]
[TimeControl "180+2"]
[Date "2023.05.02"]
[WhiteClock "0:00:17"]
[BlackClock "0:00:11"]

1. e4 c6 2. d4 d5 3. e5 Bf5 4. Nf3 e6 5. Be2 c5 6. Be3 Qb6 7. Nc3 c4 8. Rb1 Nc6 9. O-O Nge7 10. h3 h5 11. b3 cxb3 12. Rxb3 Qa5 13. Nb5 Nc8 14. Bd2 Qd8 15. Qb1 a6 16. Nc3 b5 17. a4 b4 18. Na2 a5 19. Bb5 Na7 20. Bd3 Bxd3 21. cxd3 Qb6 22. Be3 Be7 23. Qc1 O-O 24. Qd2 Rac8 25. Rbb1 Rc7 26. Nc1 Rfc8 27. Ne2 Nd8 28. Rb2 Qc6 29. Bg5 Bf8 30. Ng3 g6 31. Qf4 f5 32. exf6 Bd6 33. Ne5 Qc3 34. Re2 Nf7 35. Qe3 Bxe5 36. dxe5 d4 37. Qe4 Nh8 38. Bd2 Qc6 39. Qf4 Nf7 40. Ne4 Qxa4 41. g4 hxg4 42. Qxg4 Nh8 43. Qxe6+ Kf8 44. Bh6+ Rg7 45. fxg7# 1-0


[Site "https://www.chess.com"]

[Event "Titled Tuesday Blitz May 2 Late 2023"]
[White "Rodriguez Santiago, Jaime"]
[Black "Przybylski, Wojciech"]
[WhiteFideId "3100898"]
[BlackFideId "1117599"]
[WhiteElo "2025"]
[BlackElo "2222"]
[Result "0-1"]
[Round "05"]
[TimeControl "180+2"]
[Date "2023.05.02"]
[WhiteClock "0:00:21"]
[BlackClock "0:00:31"]

1. c4 Nf6 2. Nc3 c5 3. e4 e5 4. g3 h5 5. h3 h4 6. g4 g5 7. Bg2 Nc6 8. d3 Nh7 9. Nf3 Be7 10. Nd5 f6 11. Be3 d6 12. O-O Nf8 13. a3 Bd7 14. b4 b6 15. Rb1 Ne6 16. b5 Ncd4 17. Nxd4 cxd4 18. Bd2 Nf4 19. Bxf4 gxf4 20. f3 Kf7 21. a4 Qc8 22. Qd2 Bd8 23. Rf2 Be6 24. Nb4 Bd7 25. Qa2 Kg6 26. Rc2 Qc5 27. Nd5 Kg5 28. Rbc1 Bc8 29. Qb3 Bb7 30. Nb4 Rc8 31. Ra2 Qc7 32. Rca1 Qf7 33. a5 bxa5 34. Nd5 Bxd5 35. exd5 Bb6 36. Qd1 Qc7 37. Qe2 f5 38. gxf5 Kxf5 39. Qe4+ Kf6 40. Kh2 Rcg8 41. Bh1 Rg3 42. Rg2 Qd7 43. Kg1 Qxh3 44. Ra2 Qd7 45. Kf1 Qf5 46. Rh2 h3 47. Qe2 Rhg8 48. Ke1 Rg1+ 49. Kd2 R8g3 50. Kc2 Rxh1 51. Rxh1 Rg2 52. Kb3 Rxe2 0-1


[Site "https://www.chess.com"]

[Event "Titled Tuesday Blitz May 2 Late 2023"]
[White "Rose, Felix"]
[Black "Suvorov, Luca"]
[WhiteFideId "5105722"]
[BlackFideId "12977071"]
[WhiteElo "2039"]
[BlackElo "2202"]
[Result "0-1"]
[Round "05"]
[TimeControl "180+2"]
[Date "2023.05.02"]
[WhiteClock "0:00:07"]
[BlackClock "0:00:22"]

1. e4 c6 2. d4 d5 3. e5 Bf5 4. h4 h5 5. Bd3 Bxd3 6. Qxd3 e6 7. Bg5 Qa5+ 8. Nd2 Qa6 9. c4 Bb4 10. b3 Ne7 11. Nf3 Nf5 12. O-O Nd7 13. Qc2 Bxd2 14. Bxd2 Qb6 15. cxd5 cxd5 16. Be3 O-O 17. Rac1 Rfd8 18. Bg5 Re8 19. Qc7 Nf8 20. Be3 Qa6 21. Ng5 Re7 22. Qc2 Nxh4 23. g3 Nf5 24. Kg2 g6 25. Rh1 Ree8 26. Kf3 Rac8 27. Qxc8 Rxc8 28. Rxc8 Qd3 29. Rc7 Nxd4+ 30. Kg2 Nf5 31. Re1 Nh7 32. Nxh7 Kxh7 33. Rxf7+ Kg8 34. Rxb7 Qe4+ 35. Kg1 d4 36. Rb8+ Kf7 37. Bd2 Qf3 38. Rc1 g5 39. Bxg5 Kg6 40. Bf6 Nxg3 41. Rg8+ Kf5 42. Rxg3 Qe2 43. Kg2 h4 44. Rf3+ Ke4 45. Rh3 Qg4+ 46. Kh2 Qf4+ 47. Kh1 Qxc1+ 48. Kh2 Qf4+ 49. Kg2 Qg4+ 50. Kh2 d3 51. Rxh4 Qxh4+ 52. Bxh4 d2 53. f4 d1=Q 54. Kh3 Qf3+ 55. Bg3 Kf5 56. Kh2 Kg4 57. Be1 Qe2+ 58. Bf2 Qxf2+ 59. Kh1 Kg3 60. f5 Qg2# 0-1


[Site "https://www.chess.com"]

[Event "Titled Tuesday Blitz May 2 Late 2023"]
[White "Van den Dikkenberg, Erik"]
[Black "Kubatko, Ivan"]
[WhiteFideId "1005880"]
[BlackFideId "24111473"]
[WhiteElo "2118"]
[BlackElo "2285"]
[Result "0-1"]
[Round "05"]
[TimeControl "180+2"]
[Date "2023.05.02"]
[WhiteClock "0:00:08"]
[BlackClock "0:00:15"]

1. e4 d5 2. exd5 Qxd5 3. Nc3 Qa5 4. b4 Qxb4 5. Rb1 Qd6 6. Nf3 Nf6 7. d4 a6 8. Bc4 e6 9. O-O Be7 10. Ne5 c5 11. Be3 cxd4 12. Bxd4 Nc6 13. Nxc6 Qxc6 14. Qe2 O-O 15. f4 b5 16. Bd3 Bc5 17. Qf2 Bxd4 18. Qxd4 Bb7 19. Rf2 Rfd8 20. Qb4 Ng4 21. Re2 Qb6+ 22. Kh1 Nf2+ 23. Rxf2 Qxf2 24. Ne4 Bxe4 25. Qxe4 g6 26. Rf1 Qd4 27. Qf3 Rac8 28. h4 Rc3 29. h5 Rxd3 30. cxd3 Qxd3 31. Qf2 Qf5 32. hxg6 hxg6 33. Qb6 Rd2 34. Qe3 Qd5 35. Qg3 Kg7 36. Kg1 Qd4+ 37. Kh2 Rd3 38. Qg5 Qf6 39. Qg4 Qf5 40. Qe2 Qh5+ 41. Qxh5 gxh5 42. g3 Rd2+ 43. Kh3 Rxa2 44. Kh4 Kg6 45. Rh1 b4 46. g4 hxg4 47. Kxg4 b3 48. Rg1 b2 49. Kf3+ Kf6 50. Rb1 a5 0-1


[Site "https://www.chess.com"]

[Event "Titled Tuesday Blitz May 2 Late 2023"]
[White "Todorovic, Bojan"]
[Black "Kostiukov, Alexandr"]
[WhiteFideId "917087"]
[BlackFideId "14108100"]
[WhiteElo "2266"]
[BlackElo "2202"]
[Result "1-0"]
[Round "05"]
[TimeControl "180+2"]
[Date "2023.05.02"]
[WhiteClock "0:00:07"]
[BlackClock "0:00:09"]

1. d4 g6 2. c4 Bg7 3. Nf3 d6 4. Nc3 e5 5. g3 exd4 6. Nxd4 Nc6 7. Be3 Nge7 8. Bg2 O-O 9. O-O Nf5 10. Nxf5 Bxf5 11. Qd2 Qd7 12. Bh6 Bxh6 13. Qxh6 Ne5 14. Nd5 f6 15. e4 Be6 16. b3 c6 17. Ne3 Qg7 18. Qxg7+ Kxg7 19. Rad1 Rad8 20. Rd2 Rd7 21. Rfd1 Rfd8 22. f4 Ng4 23. Nf1 f5 24. h3 Nf6 25. exf5 Bxf5 26. Ne3 Be4 27. g4 Bxg2 28. Kxg2 d5 29. cxd5 Nxd5 30. Nxd5 cxd5 31. Rd4 Kf6 32. R1d2 Ke6 33. Re2+ Kd6 34. Re5 Kc5 35. Rd1 Kb4 36. f5 gxf5 37. gxf5 d4 38. Rd3 Rd5 39. Rxd5 Rxd5 40. Kf3 Rxf5+ 41. Ke4 1-0


[Site "https://www.chess.com"]

[Event "Titled Tuesday Blitz May 2 Late 2023"]
[White "Pasti, Aron"]
[Black "Smith, Shreyas"]
[WhiteFideId "785857"]
[BlackFideId "7400713"]
[WhiteElo "2173"]
[BlackElo "2151"]
[Result "1-0"]
[Round "05"]
[TimeControl "180+2"]
[Date "2023.05.02"]
[WhiteClock "0:02:09"]
[BlackClock "0:01:59"]

1. e4 c5 2. Nf3 Nc6 3. d4 cxd4 4. Nxd4 e6 5. Nc3 Qc7 6. Be3 a6 7. Be2 Nf6 8. O-O Be7 9. f4 d6 10. Kh1 h5 11. Bg1 b5 12. Nxc6 Qxc6 13. e5 Ng4 14. Bf3 d5 15. Nxd5 1-0


[Site "https://www.chess.com"]

[Event "Titled Tuesday Blitz May 2 Late 2023"]
[White "Bueno, Alfeu Junior Varela"]
[Black "Gabdushev, Ruslan"]
[WhiteFideId "2108879"]
[BlackFideId "4137833"]
[WhiteElo "2175"]
[BlackElo "2233"]
[Result "0-1"]
[Round "05"]
[TimeControl "180+2"]
[Date "2023.05.02"]
[WhiteClock "0:00:10"]
[BlackClock "0:00:55"]

1. e4 Nc6 2. Nc3 e6 3. f4 d5 4. Bb5 Nf6 5. e5 Nd7 6. Nf3 a6 7. Bxc6 bxc6 8. O-O g6 9. d4 c5 10. Ne2 cxd4 11. Nexd4 c5 12. Nb3 Qb6 13. Kh1 a5 14. Re1 a4 15. Nbd2 Be7 16. c4 Bb7 17. Qc2 O-O 18. Nf1 Nb8 19. f5 exf5 20. Bg5 Re8 21. Qd2 d4 22. Qf4 Nd7 23. N1d2 Nf8 24. Rab1 Ne6 25. Qh4 Bxg5 26. Nxg5 Nxg5 27. Qxg5 Qd8 28. Qh6 Ra6 29. Nf3 Bxf3 30. gxf3 Rae6 31. f4 Qa8+ 32. Kg1 Qf3 33. Rbd1 f6 34. Rf1 Qg4+ 35. Kh1 fxe5 36. fxe5 Qe4+ 37. Kg1 Rxe5 38. Rf2 Qg4+ 39. Kf1 Qxd1+ 0-1


[Site "https://www.chess.com"]

[Event "Titled Tuesday Blitz May 2 Late 2023"]
[White "Fernandez Siles, Luis"]
[Black "Panico, Nick"]
[WhiteFideId "2209420"]
[BlackFideId "2026724"]
[WhiteElo "2195"]
[BlackElo "1982"]
[Result "1-0"]
[Round "05"]
[TimeControl "180+2"]
[Date "2023.05.02"]
[WhiteClock "0:01:34"]
[BlackClock "0:00:43"]

1. e4 e6 2. d4 d5 3. e5 c5 4. c3 Nc6 5. Nf3 Nh6 6. Na3 f6 7. Bd3 Bd7 8. O-O Be7 9. exf6 Bxf6 10. dxc5 O-O 11. Qc2 Nf5 12. Bxf5 exf5 13. Nb5 Qc7 14. Nxc7 Rac8 15. Nxd5 Bd8 16. Bf4 Be6 17. Rad1 1-0


[Site "https://www.chess.com"]

[Event "Titled Tuesday Blitz May 2 Late 2023"]
[White "Marcziter, Dmitrii"]
[Black "Broca Jimenez, Fernando"]
[WhiteFideId "13900765"]
[BlackFideId "5104742"]
[WhiteElo "2162"]
[BlackElo "2062"]
[Result "1-0"]
[Round "05"]
[TimeControl "180+2"]
[Date "2023.05.02"]
[WhiteClock "0:01:23"]
[BlackClock "0:01:35"]

1. d4 Nf6 2. Nf3 e6 3. c4 b6 4. a3 Bb7 5. Nc3 d5 6. cxd5 Nxd5 7. Qa4+ Qd7 8. Qc2 Nxc3 9. bxc3 g6 10. Ne5 Qd8 11. e4 Nd7 12. Bb5 Bc8 13. Bc6 Rb8 14. Bb5 Ra8 15. Qa4 Bd6 16. Bg5 f6 17. Nc6 fxg5 18. Nxd8 Kxd8 19. Bc6 Rb8 20. e5 Be7 21. Qxa7 1-0


[Site "https://www.chess.com"]

[Event "Titled Tuesday Blitz May 2 Late 2023"]
[White "Gerbelli Neto, Eduardo"]
[Black "Torres Dominguez, David"]
[WhiteFideId "2103281"]
[BlackFideId "2220857"]
[WhiteElo "2178"]
[BlackElo "1999"]
[Result "0-1"]
[Round "05"]
[TimeControl "180+2"]
[Date "2023.05.02"]
[WhiteClock "0:00:02"]
[BlackClock "0:00:48"]

1. e4 Nc6 2. d4 e5 3. Nf3 exd4 4. Bc4 Bc5 5. c3 Nf6 6. cxd4 Bb4+ 7. Nc3 Nxe4 8. O-O Bxc3 9. d5 Bf6 10. Re1 Ne7 11. Rxe4 d6 12. Bg5 Bxg5 13. Nxg5 h6 14. Qe2 hxg5 15. Re1 Be6 16. dxe6 f5 17. Re3 g4 18. h3 d5 19. Bb3 Qd6 20. Rg3 O-O-O 21. hxg4 Rh4 22. Rh3 Rxg4 23. Qe5 Qxe5 24. Rxe5 c5 25. Rh7 Kc7 26. Bc2 Rf8 27. f3 Rg6 28. Rh5 Kd6 29. f4 Rxe6 30. Bxf5 Rxe5 31. fxe5+ Kxe5 32. Bc2+ Kd6 33. Rg5 g6 34. Rg3 Rf6 35. Rh3 Rf7 36. Rh6 Rg7 37. Rh8 Nc6 38. Rd8+ Nxd8 0-1


[Site "https://www.chess.com"]

[Event "Titled Tuesday Blitz May 2 Late 2023"]
[White "Hoffmann, Asa"]
[Black "Adel, Sara"]
[WhiteFideId "2001470"]
[BlackFideId "10616764"]
[WhiteElo "2117"]
[BlackElo "1982"]
[Result "1-0"]
[Round "05"]
[TimeControl "180+2"]
[Date "2023.05.02"]
[WhiteClock "0:01:10"]
[BlackClock "0:01:34"]

1. d4 Nf6 2. Bg5 g6 3. Nc3 Bg7 4. e4 d6 5. f3 Nbd7 6. Qd2 c5 7. Nge2 a6 8. O-O-O b5 9. e5 b4 10. Nb1 dxe5 11. dxe5 Nh5 12. g4 Bxe5 13. gxh5 Qa5 14. a3 bxa3 15. Qxa5 axb2+ 16. Kd2 O-O 17. hxg6 fxg6 18. f4 Bg7 19. Ng3 Bb7 20. Bc4+ Kh8 21. Rhe1 Rad8 22. Ke2 h6 23. Bxe7 Rfe8 24. Qxd8 1-0


[Site "https://www.chess.com"]

[Event "Titled Tuesday Blitz May 2 Late 2023"]
[White "Winkels, Marcel"]
[Black "Bryant, Todd"]
[WhiteFideId "1003887"]
[BlackFideId "2031299"]
[WhiteElo "1900"]
[BlackElo "2075"]
[Result "0-1"]
[Round "05"]
[TimeControl "180+2"]
[Date "2023.05.02"]
[WhiteClock "0:00:01"]
[BlackClock "0:00:05"]

1. d4 Nf6 2. Nc3 d5 3. Bf4 g6 4. e3 Bg7 5. h4 h5 6. Nf3 O-O 7. Ne5 c5 8. Be2 cxd4 9. exd4 Nc6 10. Qd2 Bf5 11. g4 hxg4 12. h5 Nb4 13. O-O-O Nxh5 14. Rxh5 gxh5 15. Bh6 e6 16. Bxg7 Kxg7 17. Rh1 Bg6 18. f3 g3 19. f4 Qa5 20. a3 Nc6 21. Bxh5 Rh8 22. Bf3 Rxh1+ 23. Bxh1 Rh8 24. Bf3 Qb6 25. Nxg6 fxg6 26. Qe3 Qxd4 27. Qxe6 Qf6 28. Qd7+ Qe7 29. Qxe7+ Nxe7 30. Nxd5 Nxd5 31. Bxd5 b6 32. Kd2 Re8 33. Bf3 Kf6 34. c4 Kf5 35. Bc6 Re7 0-1


[Site "https://www.chess.com"]

[Event "Titled Tuesday Blitz May 2 Late 2023"]
[White "Van Baar, Esper"]
[Black "Manon-og, Ramon Jr."]
[WhiteFideId "1049321"]
[BlackFideId "5200776"]
[WhiteElo "2180"]
[BlackElo "1999"]
[Result "1-0"]
[Round "05"]
[TimeControl "180+2"]
[Date "2023.05.02"]
[WhiteClock "0:01:11"]
[BlackClock "0:00:05"]

1. e4 e5 2. Nf3 Nc6 3. Bc4 Nf6 4. d3 h6 5. c3 g6 6. O-O Bg7 7. Re1 d5 8. exd5 Nxd5 9. d4 Be6 10. Nxe5 Nxe5 11. dxe5 O-O 12. Nd2 Nb6 13. Bxe6 fxe6 14. Nf3 Nc4 15. Qb3 Na5 16. Qxe6+ Kh8 17. Qxg6 Qd5 18. Bxh6 Bxh6 19. Qxh6+ Kg8 20. Rad1 Qxa2 21. Ng5 Qxb2 22. Qh7# 1-0


[Site "https://www.chess.com"]

[Event "Titled Tuesday Blitz May 2 Late 2023"]
[White "Liu, Casper"]
[Black "Fajdetic, Hrvoje"]
[WhiteFideId "1454153"]
[BlackFideId "14501945"]
[WhiteElo "2221"]
[BlackElo "2185"]
[Result "1-0"]
[Round "05"]
[TimeControl "180+2"]
[Date "2023.05.02"]
[WhiteClock "0:01:16"]
[BlackClock "0:00:04"]

1. e4 c5 2. Nf3 a6 3. c3 d5 4. exd5 Qxd5 5. d4 Nf6 6. Be2 Bg4 7. h3 Bh5 8. c4 Qd6 9. d5 e6 10. dxe6 Qxd1+ 11. Bxd1 fxe6 12. O-O Nc6 13. Re1 O-O-O 14. Nc3 Nd4 15. g4 Nxf3+ 16. Bxf3 Bf7 17. Na4 Kc7 18. Bg5 Bd6 19. Bh4 b5 20. cxb5 axb5 21. Nc3 Kb6 22. g5 Nd5 23. Nxd5+ exd5 24. g6 hxg6 25. Bxd8+ Rxd8 26. Rad1 d4 27. b3 Bf8 28. Kg2 c4 29. bxc4 bxc4 30. Rb1+ Kc5 31. Re5+ Bd5 32. a4 Kc6 33. Rxd5 Rxd5 34. a5 Bc5 35. a6 d3 36. Bxd5+ Kxd5 37. Rb5 d2 38. a7 d1=Q 39. a8=Q+ Kd4 40. Qd8+ Kc3 41. Qxd1 1-0


[Site "https://www.chess.com"]

[Event "Titled Tuesday Blitz May 2 Late 2023"]
[White "Gatterer, Florian"]
[Black "Wang, Alexander J"]
[WhiteFideId "811688"]
[BlackFideId "30955270"]
[WhiteElo "2221"]
[BlackElo "1815"]
[Result "1-0"]
[Round "05"]
[TimeControl "180+2"]
[Date "2023.05.02"]
[WhiteClock "0:01:34"]
[BlackClock "0:00:25"]

1. c4 Nf6 2. Nf3 g6 3. b3 Bg7 4. Bb2 O-O 5. g3 d6 6. d4 c5 7. Bg2 Bf5 8. O-O Nc6 9. d5 Nb4 10. Na3 Nd7 11. Bxg7 Kxg7 12. Nh4 Ne5 13. Nxf5+ gxf5 14. h3 Ng6 15. e3 a6 16. h4 Qd7 17. Nc2 Nxc2 18. Qxc2 b5 19. Qc3+ f6 20. Bh3 b4 21. Qc2 Ne5 22. Bxf5 Qc7 1-0


[Site "https://www.chess.com"]

[Event "Titled Tuesday Blitz May 2 Late 2023"]
[White "Debray, Christopher"]
[Black "Ismayilova, Khanim"]
[WhiteFideId "630810"]
[BlackFideId "13429019"]
[WhiteElo "2340"]
[BlackElo "1633"]
[Result "1-0"]
[Round "05"]
[TimeControl "180+2"]
[Date "2023.05.02"]
[WhiteClock "0:00:17"]
[BlackClock "0:00:01"]

1. d4 d5 2. c4 e6 3. Nc3 Nf6 4. Nf3 Be7 5. e3 O-O 6. Bd3 b6 7. cxd5 exd5 8. O-O c5 9. dxc5 bxc5 10. b3 Bb7 11. Bb2 Nbd7 12. Rc1 Rc8 13. Qe2 Nb6 14. Rfd1 Qc7 15. Nb5 Qb8 16. Be5 Qa8 17. Nc7 Rxc7 18. Bxc7 Rc8 19. Bg3 Nh5 20. Ba6 Nxg3 21. hxg3 c4 22. Bxb7 Qxb7 23. Nd4 Ba3 24. Rc2 c3 25. Nb5 Bb4 26. a3 Be7 27. b4 Na4 28. Nd4 Bf6 29. Qb5 Qxb5 30. Nxb5 Nb2 31. Rxd5 Nc4 32. Nd6 Rd8 33. Nxc4 Rxd5 34. Kf1 Kf8 35. Ke2 Ke7 36. e4 1-0


[Site "https://www.chess.com"]

[Event "Titled Tuesday Blitz May 2 Late 2023"]
[White "Hirneise, Jens"]
[Black "Kapp, Martin"]
[WhiteFideId "24614734"]
[BlackFideId "24651680"]
[WhiteElo "2345"]
[BlackElo "2177"]
[Result "1-0"]
[Round "05"]
[TimeControl "180+2"]
[Date "2023.05.02"]
[WhiteClock "0:01:11"]
[BlackClock "0:00:13"]

1. c4 c6 2. Nc3 Nf6 3. e4 d5 4. cxd5 cxd5 5. e5 Nfd7 6. e6 fxe6 7. d4 Nf6 8. Nf3 Nc6 9. Bd3 g6 10. O-O Qd6 11. Nb5 Qb8 12. Re1 a6 13. Nc3 b5 14. g3 Bg7 15. Bf4 Qb6 16. a4 b4 17. a5 Nxa5 18. Na4 Qa7 19. Nc5 Nc4 20. Qa4+ Bd7 21. Qxb4 O-O 22. Rxa6 Qxa6 23. Nxa6 Rxa6 24. b3 Rb6 25. Qxe7 Nb2 26. Bb1 Rxb3 27. Ne5 Rb7 28. Nxd7 Rxd7 29. Qxe6+ Rdf7 30. Bd6 Re8 31. Qxe8+ Nxe8 32. Rxe8+ Bf8 33. Ba2 Nc4 34. Bxc4 dxc4 35. Kf1 c3 36. Rxf8+ Rxf8 37. Bxf8 Kxf8 38. Ke2 Ke7 39. Kd3 Kd6 40. Kxc3 Kd5 41. Kd3 g5 42. g4 h6 43. h3 Kd6 44. Ke4 Ke6 45. d5+ Kd6 46. Kd4 Kd7 47. Ke5 Ke7 48. d6+ Kd7 49. Kd5 Kd8 50. Ke6 Ke8 51. d7+ Kd8 52. f3 1-0


[Site "https://www.chess.com"]

[Event "Titled Tuesday Blitz May 2 Late 2023"]
[White "Fernandez Madrid, Carlos"]
[Black "Urbina Perez, Juan Antonio"]
[WhiteFideId "2206030"]
[BlackFideId "2217368"]
[WhiteElo "2082"]
[BlackElo "2197"]
[Result "1/2-1/2"]
[Round "05"]
[TimeControl "180+2"]
[Date "2023.05.02"]
[WhiteClock "0:00:27"]
[BlackClock "0:00:16"]

1. d4 d5 2. Nf3 Nf6 3. g3 c6 4. Bg2 Bf5 5. O-O h6 6. Ne5 e6 7. c4 Nbd7 8. cxd5 exd5 9. Nc3 Bd6 10. Bf4 Qe7 11. Nxd7 Nxd7 12. Bxd6 Qxd6 13. e4 dxe4 14. Nxe4 Bxe4 15. Bxe4 O-O 16. d5 Nf6 17. Bc2 Qxd5 18. Qxd5 Nxd5 19. Rad1 Rad8 20. Be4 Nf6 21. Bf3 Rfe8 22. Rfe1 Rxe1+ 23. Rxe1 Kf8 24. Re2 Re8 25. Rd2 Ke7 26. Kf1 Rd8 27. Re2+ Kd6 28. Rd2+ Kc7 29. Re2 Rd7 30. h3 a5 31. a3 Kb6 32. g4 Kc7 33. Rc2 Nd5 34. h4 g5 35. hxg5 hxg5 36. Be4 Nf4 37. f3 Rd1+ 38. Kf2 Kb6 39. Ke3 c5 40. Rh2 Rd7 41. Rc2 f6 42. Bf5 Rd5 43. Rc4 Rd1 44. b4 axb4 45. axb4 Re1+ 46. Kf2 Re2+ 47. Kf1 Re3 48. bxc5+ Kb5 49. Rc2 Rxf3+ 50. Kg1 Rb3 51. Be4 Ka6 52. Ra2+ Kb5 53. Rc2 Rb1+ 54. Kh2 Ne6 55. Rf2 Rb4 56. Bxb7 Nxc5 57. Bc8 Rf4 58. Rxf4 gxf4 59. Kg2 Nd3 60. Kf3 Ne5+ 61. Kxf4 Nxg4 62. Bxg4 f5 63. Bxf5 1/2-1/2


[Site "https://www.chess.com"]

[Event "Titled Tuesday Blitz May 2 Late 2023"]
[White "Golubev, Mikhail"]
[Black "Phillips, Rene"]
[WhiteFideId "14100983"]
[BlackFideId "2056275"]
[WhiteElo "2374"]
[BlackElo "1852"]
[Result "1-0"]
[Round "05"]
[TimeControl "180+2"]
[Date "2023.05.02"]
[WhiteClock "0:00:10"]
[BlackClock "0:00:08"]

1. d4 Nc6 2. c4 e5 3. dxe5 Nxe5 4. e4 Bc5 5. f4 Ng6 6. Nc3 Bxg1 7. Rxg1 Qh4+ 8. g3 Qxh2 9. Rg2 Qh1 10. Nd5 Kd8 11. Qd4 f6 12. f5 Ne5 13. Qc3 Ne7 14. Bf4 Nxd5 15. cxd5 b6 16. Bxe5 fxe5 17. Rc1 c6 18. dxc6 d6 19. Qd2 Kc7 20. Qg5 Ba6 21. Qe7+ Kb8 22. Qxd6+ Kc8 23. Qd7+ Kb8 24. c7+ Kb7 25. c8=R# 1-0


[Site "https://www.chess.com"]

[Event "Titled Tuesday Blitz May 2 Late 2023"]
[White "Cooklev, Steven"]
[Black "Castella Garcia, Fausto"]
[WhiteFideId "2050552"]
[BlackFideId "3501922"]
[WhiteElo "2039"]
[BlackElo "2245"]
[Result "0-1"]
[Round "05"]
[TimeControl "180+2"]
[Date "2023.05.02"]
[WhiteClock "0:00:02"]
[BlackClock "0:00:28"]

1. e4 c5 2. Nf3 d6 3. d4 cxd4 4. Nxd4 Nf6 5. Nc3 g6 6. Be3 Bg7 7. f3 O-O 8. Qd2 Nc6 9. Bc4 Bd7 10. Bb3 Qa5 11. O-O-O Rfc8 12. Kb1 Ne5 13. h4 b5 14. Ncxb5 Qxd2 15. Rxd2 Rab8 16. Nxa7 Rc7 17. a4 Rxa7 18. Nf5 Bxf5 19. Bxa7 Rb7 20. Bd4 Bd7 21. a5 Nc6 22. Bc3 Ne8 23. Bxg7 Kxg7 24. Bd5 Rb5 25. a6 Ra5 26. h5 Rxa6 27. hxg6 hxg6 28. g4 Nc7 29. Bc4 Rb6 30. Rdh2 Kf6 31. Rh7 Ne5 32. Be2 g5 33. R7h6+ Ng6 34. b3 Ne6 35. Bc4 Nd4 36. Kb2 Be6 37. Bxe6 Kxe6 38. Rf1 Kd7 39. Rh7 Ne5 40. f4 gxf4 41. Rxf4 Nxb3 42. Kc3 Nc5 43. g5 Ne6 44. Rf5 Rc6+ 45. Kd2 Nd4 46. c3 Nxf5 47. exf5 Rc5 48. g6 fxg6 49. f6 Nc6 50. f7 Rf5 51. Kd3 Ne5+ 52. Ke4 Rxf7 0-1


[Site "https://www.chess.com"]

[Event "Titled Tuesday Blitz May 2 Late 2023"]
[White "James, Stuart"]
[Black "Vifleemskaia, Svetlana"]
[WhiteFideId "7400489"]
[BlackFideId "4129490"]
[WhiteElo "1950"]
[BlackElo "1930"]
[Result "1-0"]
[Round "05"]
[TimeControl "180+2"]
[Date "2023.05.02"]
[WhiteClock "0:01:42"]
[BlackClock "0:01:36"]

1. e4 e5 2. Nf3 Nc6 3. Bb5 a6 4. Ba4 Nf6 5. d3 d6 6. c4 g6 7. Nc3 Bg7 8. Nd5 h6 9. h3 O-O 10. Be3 Rb8 11. Qd2 Kh7 12. Bxc6 bxc6 13. Nb4 Qd7 14. Rb1 c5 15. Nd5 Nxd5 16. cxd5 Qa4 17. a3 Rxb2 18. Rxb2 Qxa3 19. O-O f5 20. Qc2 Bd7 21. Ra2 Qb4 22. Rb1 Ba4 23. Rxa4 1-0


[Site "https://www.chess.com"]

[Event "Titled Tuesday Blitz May 2 Late 2023"]
[White "Kavinda, Akila"]
[Black "Sailer, Mike"]
[WhiteFideId "9901302"]
[BlackFideId "2012901"]
[WhiteElo "2043"]
[BlackElo "2109"]
[Result "1-0"]
[Round "05"]
[TimeControl "180+2"]
[Date "2023.05.02"]
[WhiteClock "0:00:27"]
[BlackClock "0:00:02"]

1. e4 d5 2. exd5 Qxd5 3. Nc3 Qd6 4. Nf3 Nf6 5. Nb5 Qd8 6. d4 c6 7. Nc3 Bg4 8. Be3 e6 9. Be2 Bb4 10. O-O O-O 11. h3 Bh5 12. Ne5 Bxe2 13. Qxe2 Nbd7 14. f4 Bxc3 15. bxc3 Nxe5 16. fxe5 Nd5 17. Bd2 Qh4 18. Qd3 Rad8 19. Rad1 b5 20. Bc1 Nb6 21. Ba3 Rfe8 22. Bc5 Nc4 23. Qe2 a6 24. Rd3 Rd7 25. Rdf3 Qh5 26. Qf2 a5 27. Rg3 Qh6 28. Qf3 Rc8 29. Qg4 Qg6 30. Qe2 Qh6 31. Kh2 a4 32. Rf6 g6 33. Rgf3 Qd2 34. Qf1 Rcc7 35. Rxe6 fxe6 36. Rf8+ Kg7 37. Qf6+ Kh6 38. Qh4+ Kg7 39. Rf2 Rf7 40. Rxd2 1-0


[Site "https://www.chess.com"]